 Dungeon Crawl Stone Soup version 0.31-a0-831-g143b1e81fc (webtiles) character file.

Game seed: 4616668463105357391

3005 Turgor the Mimic (level 9, -6/67 (72) HPs)
             Began as a Barachi Shapeshifter on Sept 24, 2023.
             Was a Believer of Ru.
             Mangled by a two-headed ogre
             ... wielding a +0 giant club
              (16 damage)
             ... on level 8 of the Dungeon.
             The game lasted 00:41:02 (8140 turns).

Turgor the Mimic (Barachi Shapeshifter)             Turns: 8140, Time: 00:41:02

HP:   -6/67 (72)    AC: 10    Str: 16    XL:     9   Next: 84%
MP:   9/9           EV:  9    Int: 14    God:    Ru [**....]
Gold: 532           SH:  0    Dex: 18    Spells: 6/8 levels left

rFire   + .          .
                       - Unarmed
rCold   . . .        (shield currently unavailable)
rNeg    . . .        a - +1 chain mail {rF+}
rPois   .            (no helmet)
rElec   .            (no cloak)
rCorr   .            (no gloves)
SInv    .            (no boots)
Will    .....        (no amulet) Stlth
                     n - +6 ring of dexterity
HPRegen 0.31/turn    (no ring)
MPRegen 0.11/turn

%: no passive effects
@: flux-form, glowing, drained, slow
A: glow, contaminating, amphibious, slowness 1, inability to use devices, strong
legs 1, +LOS
a: Hop, Begin Untransformation, Renounce Religion


You were on level 8 of the Dungeon.
You worshipped Ru.
Ru was pleased with you.
You were something dangerously unstable.
You visited 2 branches of the dungeon, and saw 9 of its levels.
You also visited: Sewer.

You collected 532 gold pieces.

Inventory:

Hand Weapons
 k - the +6 dagger "Efiof" {venom, Dex+6}
   (You found it on level 4 of the Dungeon)

   Dex+6:     It affects your dexterity (+6).
Missiles
 o - 6 silver javelins
 t - 9 poisoned darts (quivered)
Armour
 a - a +1 chain mail of fire resistance (worn)
 b - a +2 robe of cold resistance
 s - an orb of wrath
Jewellery
 j - a +5 ring of evasion
 n - a +6 ring of dexterity (left hand)
Talismans
 c - a beast talisman
 d - a flux talisman (active)
Scrolls
 g - a scroll of torment
 h - 3 scrolls of amnesia {unknown}
 i - a scroll of blinking
 m - a scroll of enchant armour {unknown}
 p - a scroll of fear {unknown}
 q - 2 scrolls of immolation {unknown}
 v - a scroll of enchant weapon {unknown}
 x - 2 scrolls of noise {unknown}
 y - a scroll of poison {unknown}
 C - 2 scrolls of teleportation
Potions
 e - 3 potions of attraction
 f - a potion of brilliance
 l - 5 potions of curing
 r - 2 potions of enlightenment
 u - a potion of resistance
 A - a potion of cancellation
 B - a potion of haste


   Skills:
 + Level 7.5 Fighting
 * Level 4.0 Armour
 + Level 4.2 Dodging
 + Level 7.5 Unarmed Combat
 * Level 9.4 Shapeshifting


You had 6 spell levels left.
You knew the following spells:

 Your Spells              Type           Power      Damage    Failure   Level
a - Blink                 Tloc           0%         N/A       99%         2

Your spell library contained the following spells:

 Spells                   Type           Power      Damage    Failure   Level
 Kiss of Death            Conj/Necr      0%         2d5       97%         1
 Cigotuvi's Dreadful Rot  Necr/Pois/Air  0%         N/A       99%         2
 Lesser Beckoning         Tloc           0%         N/A       99%         2
 Momentum Strike          Conj/Tloc      0%         3d8       99%         2
 Confusing Touch          Hex            0%         N/A       100%        3
 Ignite Poison            Fire/Tmut/Pois 0%         N/A       100%        3
 Dispel Undead            Necr           0%         3d6       100%        4
 Freezing Cloud           Conj/Ice/Air   0%         6-21      100%        5


Dungeon Overview and Level Annotations

Branches:
Dungeon (8/15)             Temple (1/1) D:6           Sewer (visited)
   Lair: D:8-11

Altars:
Ashenzari
Dithmenos
Elyvilon
Fedhas
Gozag
Hepliaklqana
Kikubaaqudgha
Makhleb
Nemelex Xobeh
Okawaru
Qazlal
Ru
Trog
Uskayaw
Wu Jian
Xom
Yredelemnul
Zin
The Shining One

Shops:
D:3 =


Innate Abilities, Weirdness & Mutations

You are something dangerously unstable.
You glow with magical radiation, making you easy to see and hit.
Foes you strike become dangerously contaminated with magical radiation.
You are incapable of wielding weapons or throwing items.
You are amphibious.
You cover ground slowly.
You cannot study or use magical devices.
You can hop short distances.
You have an extended range of vision and can be seen from far away.


Message History

The two-headed ogre is lightly wounded.
The orc hits you but does no damage.
You punch the orc!
You kill the orc!
The two-headed ogre closely misses you.
The two-headed ogre hits you with a +0 dire flail!
The orc barely misses you.
You hit the two-headed ogre but do no damage.
The two-headed ogre glows dangerously bright.
The two-headed ogre is lightly wounded.
The orc hits you from afar with a +0 trident.
The orc barely misses you.
You hit the two-headed ogre.
The two-headed ogre shudders as magic cascades through it!!
The two-headed ogre twists and deforms.
The two-headed ogre is heavily wounded.
The two-headed ogre hits you with a +0 giant club!
The two-headed ogre hits you with a +0 dire flail!
You hit the two-headed ogre.
The two-headed ogre begins to glow.
The two-headed ogre is heavily wounded.
The orc hits you but does no damage. The orc closely misses you.
You punch the two-headed ogre!
The two-headed ogre glows dangerously bright.
The two-headed ogre is heavily wounded.
The two-headed ogre barely misses you. x2; The orc hits you but does no damage. x2
You hit the two-headed ogre.
The two-headed ogre shudders as magic cascades through it!
The two-headed ogre twists and deforms.
The two-headed ogre is almost dead.
The orc barely misses you. The orc hits you with a +0 hand axe.
You punch the two-headed ogre!
The two-headed ogre begins to glow.
The two-headed ogre is almost dead.
The two-headed ogre hits you with a +0 giant club!!
* * * LOW HITPOINT WARNING * * *
The two-headed ogre barely misses you. The orc closely misses you. x2
You hit the two-headed ogre but do no damage.
The two-headed ogre glows dangerously bright.
The two-headed ogre is almost dead.
The two-headed ogre hits you with a +0 giant club!
You die...

###### #....# #....#
.... #....# # .....
#....+ #
###...######...)#.##.##
#
#.....#.......pO......<
#
#.......#.#.#.#oo..#...
# #...........).#.#..#
# ......#.#.#.#.#.# .#
# ##..............# #
........#.#.#...# .
##...........#....
........###...#.####.#
........###...######.#


You could see a two-headed ogre (heavy contam, misshapen) and 2 orcs.

Vanquished Creatures
  Grinder (D:3)
  A hornet (D:7)
  Sigmund (D:3)
  A wyvern (D:7)
  2 steam dragons
  3 ogres
  2 centaurs
  A phantom (D:7)
  3 bullfrogs
  A scorpion (D:5)
  3 wights (D:7)
  5 killer bees (D:7)
  A gnoll bouda (D:5)
  A hound (D:5)
  A jelly (D:6)
  6 orc priests
  4 iguanas
  Ijyb (D:3)
  Natasha (thrice) (D:2)
  7 orc wizards
  Robin (D:3)
  4 gnolls (D:4)
  6 adders
  A river rat (D:4)
  3 shadow imps
  A white imp (D:4)
  A worm (D:2)
  4 dart slugs
  21 orcs
  17 endoplasms
  14 giant cockroaches
  12 goblins
  8 hobgoblins
  9 jackals
  11 quokkas
  20 ball pythons
  8 bats
  11 frilled lizards
  7 kobolds
  11 rats
218 creatures vanquished.

Vanquished Creatures (others)
  An orc (D:7)
1 creature vanquished.

Grand Total: 219 creatures vanquished

Notes
Turn   | Place    | Note
-------+----------+-------------------------------------------
     0 | D:1      | Turgor the Barachi Shapeshifter began the quest for the
                  | Orb.
     0 | D:1      | Reached XP level 1. HP: 15/15 MP: 1/1
    61 | D:1      | Reached XP level 2. HP: 14/21 MP: 2/2
   392 | D:1      | Reached XP level 3. HP: 26/27 MP: 3/3
   423 | D:1      | Found a faded altar of an unknown god.
  1141 | D:2      | Reached skill level 4 in Shapeshifting
  1147 | D:2      | Reached XP level 4. HP: 33/33 MP: 4/4
  1193 | D:2      | Noticed Natasha
  1203 | D:2      | Killed Natasha
  1295 | D:2      | Noticed Natasha
  1421 | D:2      | Killed Natasha
  1422 | D:2      | Reached XP level 5. HP: 39/39 MP: 5/5
  1584 | D:2      | Noticed Natasha
  1596 | D:2      | Killed Natasha
  2030 | D:3      | Noticed Robin
  2066 | D:3      | Noticed Grinder
  2199 | D:3      | Found an ancient bone altar of Kikubaaqudgha.
  2229 | D:3      | Noticed Sigmund
  2239 | D:3      | Killed Sigmund
  2240 | D:3      | Reached skill level 5 in Shapeshifting
  2240 | D:3      | Reached XP level 6. HP: 21/48 MP: 6/6
  2527 | D:3      | Killed Robin
  2552 | D:3      | Killed Grinder
  2553 | D:3      | Reached skill level 5 in Unarmed Combat
  2553 | D:3      | Reached skill level 6 in Shapeshifting
  2553 | D:3      | Reached XP level 7. HP: 25/55 MP: 7/7
  2671 | D:3      | Noticed Ijyb
  2689 | D:3      | Found Bidunlom's Jewellery Emporium.
  2823 | D:4      | Identified the +6 dagger "Efiof" {venom, Dex+6}
  2965 | D:4      | Found a glowing drain.
  2969 | Sewer    | Entered a sewer
  3192 | Sewer    | Reached skill level 5 in Fighting
  3229 | Sewer    | Reached XP level 8. HP: 57/62 MP: 8/8
  3233 | Sewer    | Reached skill level 7 in Shapeshifting
  3999 | D:5      | Entered Level 5 of the Dungeon
  4014 | D:5      | Found an iron altar of Okawaru.
  4046 | D:5      | Found a hide-covered altar of Uskayaw.
  4436 | D:3      | Killed Ijyb
  4668 | D:5      | Found a glowing golden altar of the Shining One.
  4668 | D:5      | Found a stormy altar of Qazlal.
  5405 | D:6      | Found a staircase to the Ecumenical Temple.
  5416 | Temple   | Entered the Ecumenical Temple
  5435 | Temple   | Became a worshipper of Ru the Awakened
  5470 | D:6      | Learned a level 2 spell: Blink
  5748 | D:6      | Found an ornate altar of the Wu Jian Council.
  6094 | D:6      | Reached skill level 8 in Shapeshifting
  6490 | D:7      | Noticed a hornet
  6500 | D:7      | Killed a hornet
  6501 | D:7      | Reached XP level 9. HP: 57/71 MP: 9/9
  6570 | D:7      | Reached skill level 1 in Armour
  6762 | D:7      | Reached skill level 9 in Shapeshifting
  7079 | D:7      | Gained mutation: You cannot study or use magical devices.
                  | [Ru sacrifice]
  7079 | D:7      | Reached * piety under Ru
  7079 | D:7      | Reached ** piety under Ru
  7874 | D:8      | Found a shadowy altar of Dithmenos.
  8124 | D:8      | Noticed a two-headed ogre
  8140 | D:8      | Mangled by a two-headed ogre

Illustrated notes

Levels and vault maps discovered:
D:1:      saegor_arrival_fortress, layout_basic,
          shapermc_ecumenical_altar_starsandcircs
D:2:      layout_basic, minmay_cupped, uniq_natasha
D:3:      layout_rooms, nicolae_kikubaaqudgha_miasma_corner, serial_shops,
          nicolae_shop_gaudy_bauble, uniq_grinder, uniq_robin, uniq_ijyb,
          uniq_sigmund
D:4:      layout_loops_ring, gup_sewer_entry_bowl, minmay_misc_feat_diagonals
D:5:      kennysheep_big_flooded_room, layout_rooms,
          mainiacjoe_overflow_alcove_2, nicolae_uskayaw_dance_hall,
          gammafunk_temple_overflow_wave, chequers_serial_rivers_micro_e
D:6:      nicolae_cairo_tiling_very_big, layout_basic,
          mainiacjoe_overflow_tiny_flanked, minmay_temple_entry_offerings
D:7:      layout_basic
D:8:      layout_basic, tgw_sif, kennysheep_little_box, serial_glass,
          glass_columns_a, glass_columns_a, glass_columns_b, glass_columns_a,
          glass_columns_b, glass_columns_b, glass_columns_a, glass_columns_a,
          glass_columns_a, glass_columns_a, minmay_three_doors
Temple:   nicolae_temple_slightly_damp_pantheon

Skill      XL: |  1  2  3  4  5  6  7  8  9 |
---------------+----------------------------+-----
Fighting       | 2 3 4 5 6 7 |  7.5
Shapeshifting  | 4 5 6 8 9 |  9.4
Dodging        | 3 4 |  4.2
Unarmed Combat | 4 5 6 7 |  7.5
Armour         | 4 |  4.0

Action                     |  1- 3 |  4- 6 |  7- 9 || total
---------------------------+-------+-------+-------++-------
  Melee: Unarmed           |   126 |   138 |   418 ||   682
         Punch             |     1 |     4 |     4 ||     9
  Throw: Dart              |       |       |     5 ||     5
 Invoke: Sacrifice Artific |       |       |     1 ||     1
Ability: Hop               |       |       |     7 ||     7
  Evoke: Wand              |       |       |     6 ||     6
    Use: Potion            |       |     4 |       ||     4
         Scroll            |       |     2 |     8 ||    10
   Stab: Sleeping          |     1 |       |       ||     1
 Armour: Animal skin       |    62 |    34 |       ||    96
         Skin              |       |     4 |       ||     4
         Robe              |       |    31 |   115 ||   146
         Chain mail        |       |       |   146 ||   146
  Dodge: Dodged            |    77 |    68 |   196 ||   341
   Form: Flux              |       |       |     1 ||     1

Table legend: (Time is in decaauts)
 A = Elapsed time spent in this place.
 B = Non-inter-level travel time spent in this place.
 C = Inter-level travel time spent in this place.
 D = Time resting spent in this place.
 E = Time spent auto-exploring this place.
 F = Levels seen in this place.
 G = Mean time per level.
                   A        B        C        D        E       F      G
               +--------+--------+--------+--------+--------+-----+--------+
         Total |   9047 |   8402 |    645 |    940 |   4913 |  10 |  904.7 |
       Dungeon |   8676 |   8074 |    602 |    898 |   4898 |   8 | 1084.5 |
        Temple |     46 |      3 |     43 |      0 |      0 |   1 |   46.0 |
         Sewer |    325 |    325 |      0 |     42 |     15 |   1 |  325.0 |
               +--------+--------+--------+--------+--------+-----+--------+

Top non-repeatable levels by time:
     D:7: 1494 daAuts
     D:2: 1249 daAuts
     D:6: 1241 daAuts
     D:1: 1228 daAuts
     D:4: 1185 daAuts
     D:5: 914 daAuts
     D:3: 901 daAuts
     D:8: 462 daAuts
   Sewer: 325 daAuts
  Temple: 46 daAuts
